 Dungeon Crawl Stone Soup version 0.29-a0-221-gceb61267dd (webtiles) character file.

Game seed: 17526077053702563693

121141 mcwallace the Warrior (level 17, 0/142 HPs)
             Began as a Formicid Hunter on Feb 27, 2022.
             Was a High Priest of Okawaru.
             Slain by a merfolk
             ... wielding a +0 spear
              (13 damage)
             ... on level 1 of the Shoals.
             The game lasted 02:25:35 (37715 turns).

mcwallace the Warrior (Formicid Hunter)            Turns: 37715, Time: 02:25:35

Health: 0/142      AC: 37    Str: 18    XL:     17   Next: 39%
Magic:  32/32      EV: 15    Int: 16    God:    Okawaru [*****.]
Gold:   2327       SH:  7    Dex: 20    Spells: 37/38 levels left

rFire   + + +      SeeInvis +   d - +6 war axe "Dedd" {flame, rElec rPois rF+++ Str-4, axe}
rCold   . . .      Faith    .   F - +0 buckler
rNeg    + . .      Spirit   .   l - +10 plate armour "Ziymun" {rN+ Str+2}
rPois   +          Reflect  .   (helmet unavailable)
rElec   +          Harm     .   W - +2 cloak
rCorr   +          Rampage  .   (no gloves)
Will    .....                   G - +4 pair of boots "Etibegoh" {Int+6 Slay+2}
Stlth   ..........              I - amulet of regeneration {@e2}
HPRegen 1.13/turn               B - +6 ring of dexterity
MPRegen 0.23/turn               n - ring "Epilufr Emno" {Wiz rCorr Dex-3 Slay+2}

@: mighty, lit by a corona, weak-willed, heroic, mesmerised, glowing
A: permanent stasis, dig shafts and tunnels, antennae 3, four strong arms
a: Dig, Shaft Self, Renounce Religion, Heroism, Finesse, Duel


You were on level 1 of the Shoals.
You worshipped Okawaru.
Okawaru was extremely pleased with you.
You visited 5 branches of the dungeon, and saw 25 of its levels.
You also visited: Ossuary.

You collected 2487 gold pieces.
You spent 160 gold pieces at shops.


Innate Abilities, Weirdness & Mutations

You cannot be hasted, slowed, berserked, paralysed or teleported.
You can dig through walls and to a lower floor.
You have a pair of large antennae on your head. (SInv)
Your four strong arms can wield two-handed weapons with a shield.


   Skills:
 - Level 15.0(20.0) Fighting
 + Level 13.8(18.8) Crossbows
 + Level 11.8(16.8) Armour
 + Level 12.2(17.2) Dodging
 - Level 4.0(9.0) Stealth
 + Level 5.0(10.0) Shields
 - Level 11.0 Spellcasting
 - Level 5.7 Earth Magic
 - Level 10.0 Invocations
 - Level 5.0 Evocations


You had 37 spell levels left.
You knew the following spells:

 Your Spells              Type           Power      Damage    Failure   Level
a - Foxfire               Conj/Fire      32%        2x1d5     41%         1

Your spell library contained the following spells:

 Spells                   Type           Power      Damage    Failure   Level
 Sandblast                Erth           54%        2d13      4%          1
 Passwall                 Tmut/Erth      15%        N/A       21%         2
 Stone Arrow              Conj/Erth      36%        3d9       38%         3
 Apportation              Tloc           16%        N/A       41%         1
 Pain                     Necr           32%        1d5       41%         1
 Slow                     Hex            32%        N/A       41%         1
 Corpse Rot               Necr/Air       16%        N/A       52%         2
 Ensorcelled Hibernation  Hex/Ice        16%        N/A       52%         2
 Poisonous Vapours        Pois/Air       16%        N/A       52%         2
 Static Discharge         Conj/Air       8%         N/A       52%         2
 Confusing Touch          Hex            8%         N/A       77%         3
 Conjure Flame            Conj/Fire      8%         6-21      77%         3
 Frozen Ramparts          Ice            16%        1d3       77%         3
 Inner Flame              Hex/Fire       8%         N/A       77%         3
 Portal Projectile        Hex/Tloc       16%        N/A       77%         3
 Vampiric Draining        Necr           8%         2d6       77%         3
 Anguish                  Hex/Necr       4%         N/A       98%         4
 Flame Wave               Conj/Fire      8%         2d5       98%         4
 Ice Form                 Ice/Tmut       8%         N/A       98%         4
 Passage of Golubria      Tloc           8%         N/A       98%         4
 Alistair's Intoxication  Tmut/Pois      5%         N/A       100%        5
 Blade Hands              Tmut           4%         N/A       100%        5
 Excruciating Wounds      Necr           4%         N/A       100%        5
 Lightning Bolt           Conj/Air       4%         1d15      100%        5
 Silence                  Hex/Air        4%         N/A       100%        5
 Iron Shot                Conj/Erth      9%         9d3       100%        6
 Enfeeble                 Hex            4%         N/A       100%        7
 Orb of Destruction       Conj           4%         9d5       100%        7
 Lehudib's Crystal Spear  Conj/Erth      9%         10d4      100%        8
 Maxwell's Capacitive Co  Air            4%         ∞         100%        8
 Animate Skeleton         Necr           Unusable   N/A       N/A         1
 Summon Guardian Golem    Hex/Summ       Unusable   N/A       N/A         3
 Swiftness                Air            Unusable   N/A       N/A         3
 Tukima's Dance           Hex            Unusable   N/A       N/A         3
 Animate Armour           Summ/Erth      Unusable   N/A       N/A         4
 Animate Dead             Necr           Unusable   N/A       N/A         4
 Summon Ice Beast         Ice/Summ       Unusable   N/A       N/A         4
 Summon Forest            Summ/Tloc      Unusable   N/A       N/A         5
 Summon Mana Viper        Hex/Summ       Unusable   N/A       N/A         5
 Summon Cactus Giant      Summ           Unusable   N/A       N/A         6
 Haunt                    Necr/Summ      Unusable   N/A       N/A         7
 Spellforged Servitor     Conj/Summ      Unusable   N/A       N/A         7
 Infestation              Necr           Unusable   N/A       N/A         8

Inventory:

Hand Weapons
 a - a +4 triple crossbow of flaming {crossbow}
   (Okawaru gifted it to you on level 10 of the Dungeon)
 d - the +6 war axe "Dedd" (weapon) {flame, rElec rPois rF+++ Str-4, axe}
   (You found it on level 8 of the Dungeon)

   It burns those it strikes, dealing additional fire damage.
   Big, fiery blades are also staple armaments of hydra-hunters.
   Str:       It affects your strength (-4).
   rF:        It renders you almost immune to fire.
   rElec:     It insulates you from electricity.
   rPois:     It protects you from poison.
 m - a +3 dagger of venom {short}
   (You took it off an orc wizard on level 7 of the Dungeon)
 t - a +2 vorpal flail {mace}
   (You took it off an orc on level 7 of the Dungeon)
 A - a +0 eveningstar of protection {macerare=g}
   (Okawaru gifted it to you on level 2 of the Lair of Beasts)
 E - the +7 falchion "Duahadirch" {drain, Dex+2, long}
   (You found it on level 4 of the Dungeon)

   A truly terrible weapon, it drains the life of any living foe it strikes.
   Dex:       It affects your dexterity (+2).
Missiles
 j - 8 javelins {throwing}
 q - 17 silver javelins {throwing}
 v - 8 atropa-tipped darts {throwing}
 x - a throwing net {=f!fthrowing}
 C - 24 poisoned darts (quivered) {throwing}
Armour
 l - the +10 plate armour "Ziymun" (worn) {rN+ Str+2}
   (Okawaru gifted it to you on level 2 of the Orcish Mines)

   Str:       It affects your strength (+2).
   rN:        It protects you from negative energy.
 F - a +0 buckler (worn)
   (You took it off a tengu warrior on level 14 of the Dungeon)
 G - the +4 pair of boots "Etibegoh" (worn) {Int+6 Slay+2}
   (Okawaru gifted it to you on level 14 of the Dungeon)

   Int:       It affects your intelligence (+6).
   Slay:      It affects your accuracy & damage with ranged weapons and melee
   (+2).
 W - a +2 cloak (worn)
   (You found it on level 7 of the Dungeon)
Jewellery
 g - a ring of flight
   (You found it on level 1 of the Dungeon)
 k - a ring of poison resistance
   (You found it on level 11 of the Dungeon)
 n - the ring "Epilufr Emno" (right hand) {Wiz rCorr Dex-3 Slay+2}
   (You acquired it on level 8 of the Dungeon)

   [ring of wizardry]

   It improves your spell success rate.
   Dex:       It affects your dexterity (-3).
   Slay:      It affects your accuracy & damage with ranged weapons and melee
   (+2).
   rCorr:     It protects you from acid and corrosion.
 r - a +4 ring of slaying
   (You found it on level 2 of the Dungeon)
 B - a +6 ring of dexterity (left hand)
   (You found it on level 15 of the Dungeon)
 I - an amulet of regeneration (around neck) {@e2}
   (You found it on level 12 of the Dungeon)
 R - an amulet of guardian spirit
   (You found it in an ossuary)
 S - a ring of protection from cold
   (You found it on level 15 of the Dungeon)
Wands
 s - a wand of polymorph (5)
   (You found it on level 12 of the Dungeon)
 D - a wand of acid (8)
   (You found it on level 4 of the Dungeon)
 H - a wand of iceblast (13)
   (You found it on level 4 of the Dungeon)
 O - a wand of flame (69)
   (You took it off an orc on level 6 of the Dungeon)
 U - a wand of mindburst (9)
   (You found it on level 4 of the Lair of Beasts)
 X - a wand of paralysis (15)
   (You found it on level 7 of the Dungeon)
 Z - a wand of digging (16)
   (You found it on level 2 of the Lair of Beasts)
Scrolls
 e - a scroll of holy word
 h - 7 scrolls of immolation {!r!r}
 i - 6 scrolls of fear
 p - 3 scrolls of magic mapping {!r}
 u - 10 scrolls of vulnerability {!r!r}
 w - 3 scrolls of fog
 J - 3 scrolls of identify {@r1}
 M - a scroll of silence {!r}
 T - a scroll of brand weapon
 V - a scroll of enchant armour
Potions
 b - 2 potions of might
 c - a potion of ambrosia
 f - 3 potions of lignification {!q}
 o - a potion of brilliance
 y - a potion of cancellation
 L - 2 potions of magic
 N - a potion of resistance
 P - 3 potions of mutation {!q}
 Q - 3 potions of flight
 Y - 2 potions of invisibility

Dungeon Overview and Level Annotations

Branches:
Dungeon (15/15)            Temple (1/1) D:5            Lair (6/6) D:9
 Shoals (1/4) Lair:2       Spider (0/4) Lair:3        Slime (0/5) Lair:5
    Orc (2/2) D:9             Elf (0/3) Orc:2        Vaults (0/5) D:13
 Depths (0/4) D:15        Ossuary (visited)

Altars:
Ashenzari
Cheibriados
Dithmenos
Elyvilon
Fedhas
Gozag
Hepliaklqana
Kikubaaqudgha
Makhleb
Nemelex Xobeh
Okawaru
Qazlal
Ru
Sif Muna
Trog
Uskayaw
Vehumet
Wu Jian
Xom
Yredelemnul
Zin
The Shining One
Beogh

Shops:
D:8 ?   D:14 (   Orc:2 :*[(

Portals:
Hell: Lair:6

Annotations:
D:12 2 transporters, Efal Ser's ghost, journeyman TeCj
Lair:1 exclusion: oklob plant

≈≈≈≈≈.P.≈≈m≈≈≈≈≈≈≈≈.
≈≈≈P≈.#.≈≈≈≈≈≈≈≈≈≈≈.
≈≈≈≈≈≈......≈≈≈≈≈≈≈≈≈
≈.≈≈≈≈.......≈≈≈≈≈≈≈≈
≈≈≈≈... #.≈.≈≈.≈≈≈≈≈
≈≈.....###...≈...≈≈≈≈
#.≈≈≈$.m†.≈≈..#..≈≈
.##..≈≈..m.≈≈..# ..≈
.....≈)m@..≈..## .
..≈≈≈≈≈.)..≈≈.#
≈≈≈≈≈≈..t..≈≈.##
.≈≈≈....<≈≈≈≈....
......#.≈≈≈≈≈≈≈≈≈
.......≈≈≈≈≈≈≈≈≈≈
≈≈≈≈≈≈.≈≈≈≈≈≈≈≈≈≈
≈≈.≈≈≈≈≈≈≈≈≈≈≈≈≈≈
≈≈..≈≈≈≈≈≈≈≈≈≈≈≈≈


You could see a snapping turtle, 2 merfolk and a merfolk siren (mesmerising).


Message History

The merfolk hits you from afar with a +2 halberd of protection.
* * * LOW HITPOINT WARNING * * *
The merfolk siren chants its luring song. 😨 HP[-5]
You take 5 damage, and now have 62/142 hp.
You slice the faun!! You burn the faun!
You kill the faun!
Okawaru accepts your kill.
You hit the faun. You burn the faun. The faun closely misses you.
The merfolk hits you from afar with a +0 spear!
* * * LOW HITPOINT WARNING * * *
The snapping turtle bites you but does no damage.
The merfolk hits you but does no damage.
The merfolk siren chants its luring song.
The faun gestures at you while chanting.
You are outlined in light.
The snapping turtle bites you but does no damage.
Your base Shields skill increases to level 5! 😨 HP[-16]
You take 16 damage, and now have 46/142 hp.
You slice the faun!! You burn the faun.
You kill the faun!
Okawaru accepts your kill. The merfolk closely misses you.
The merfolk hits you from afar with a +2 halberd of protection.
* * * LOW HITPOINT WARNING * * *
The merfolk siren chants its luring song.
The snapping turtle bites you but does no damage.
The merfolk hits you but does no damage.
The merfolk closely misses you. 😨 HP[-3]
You take 3 damage, and now have 43/142 hp.
Invisibility will do you no good right now; use anyway?
Okay, then.
You feel very mighty all of a sudden.
The merfolk siren chants its luring song.
The snapping turtle barely misses you.
The merfolk hits you but does no damage.
You block the merfolk's attack. 😨 HP[+1]
The merfolk siren chants its luring song.
The merfolk hits you but does no damage. 😨 HP[+1]
You hit the merfolk. You burn the merfolk. You barely miss the merfolk.
The merfolk siren chants its luring song.
The merfolk hits you but does no damage.
The snapping turtle bites you from afar.
* * * LOW HITPOINT WARNING * * *
The merfolk hits you with a +2 halberd of protection!
* * * LOW HITPOINT WARNING * * *
You block the merfolk siren's attack. 😱 HP[-13]
You take 13 damage, and now have 32/142 hp.
You slice the merfolk!! You burn the merfolk! You slash the merfolk!
You burn the merfolk. The merfolk hits you with a +0 spear.
* * * LOW HITPOINT WARNING * * *
The snapping turtle bites you but does no damage.
The merfolk completely misses you.
The merfolk siren chants its luring song. 😱 HP[-1]
You take 1 damage, and now have 31/142 hp.
You completely miss the merfolk. You slash the merfolk! You burn the merfolk.
You block the merfolk's attack.
The snapping turtle bites you but does no damage.
The merfolk hits you with a +2 halberd of protection!
* * * LOW HITPOINT WARNING * * *
The merfolk siren chants its luring song. 😱 HP[-15]
You take 15 damage, and now have 16/142 hp.
You feel better. The merfolk hits you with a +0 spear.
* * * LOW HITPOINT WARNING * * *
You block the snapping turtle's attack. The merfolk misses you.
The merfolk siren chants its luring song. 😱 HP[+3]
You regained 3 hp, and now have 19/142 hp.
You slash the merfolk! You burn the merfolk. You miss the merfolk.
You hear the faint crackling of a very distant melting archway.
The merfolk barely misses you.
The merfolk hits you with a +2 halberd of protection!
* * * LOW HITPOINT WARNING * * *
The snapping turtle completely misses you.
The merfolk siren chants its luring song.
You block the merfolk's attack.
The snapping turtle bites you but does no damage. 😱 HP[-10]
You take 10 damage, and now have 9/142 hp.
You feel better.
The merfolk hits you with a +2 halberd of protection!
* * * LOW HITPOINT WARNING * * *
The merfolk siren chants its luring song.
You block the merfolk's attack.
The snapping turtle bites you but does no damage. 😱 HP[-1]
You take 1 damage, and now have 8/142 hp.
You feel better.
The merfolk hits you with a +2 halberd of protection.
* * * LOW HITPOINT WARNING * * *
The merfolk siren chants its luring song.
The merfolk hits you with a +0 spear!
You die...

Skill      XL: |  1  2  3  4  5  6  7  8  9 10 11 12 13 14 15 16 17 |
---------------+----------------------------------------------------+-----
Dodging        | 2 3 4 5 6 7 8 9 10 11 12 | 12.2
Stealth        | 2 3 4 |  4.0
Fighting       | 3 4 5 6 7 9 13 14 15 | 15.0
Crossbows      | 5 6 7 9 11 12 13 | 13.8
Armour         | 1 2 3 5 6 8 9 11 | 11.8
Spellcasting   | 1 2 3 4 6 7 8 9 11 | 11.0
Evocations     | 2 4 5 |  5.0
Invocations    | 2 4 5 8 10 | 10.0
Earth Magic    | 5 |  5.7
Shields        | 2 5 |  5.0

Action                   |  1- 3 |  4- 6 |  7- 9 | 10-12 | 13-15 | 16-18 || total
-------------------------+-------+-------+-------+-------+-------+-------++-------
Melee: Falchion          |       |     3 |   223 |   230 |    70 |       ||   526
       Punch             |       |       |     2 |    11 |    14 |     3 ||    30
       War axe           |       |       |       |   249 |   677 |    48 ||   974
 Fire: Hand crossbow     |    89 |   113 |    69 |   108 |     4 |       ||   383
       Triple crossbow   |       |       |       |       |   271 |   514 ||   785
Throw: Dart              |       |       |       |       |    10 |     4 ||    14
Invok: Heroism           |       |       |       |    10 |    19 |     9 ||    38
       Finesse           |       |       |       |       |     3 |       ||     3
       Duel              |       |       |       |       |     1 |       ||     1
 Abil: Dig               |       |       |       |       |     1 |     2 ||     3
Evoke: Wand              |       |       |     6 |     1 |     2 |       ||     9
  Use: Scroll            |       |     4 |     5 |    16 |     7 |     3 ||    35
       Potion            |       |       |     2 |     8 |    12 |     6 ||    28
 Stab: Distracted        |       |       |     2 |       |       |       ||     2
       Sleeping          |       |       |       |     1 |     1 |       ||     2
       Invisible         |       |       |       |       |     5 |       ||     5
Armor: Leather armour    |    10 |     5 |       |       |       |       ||    15
       Ring mail         |       |     1 |    59 |   131 |   398 |       ||   589
       Scale mail        |       |       |       |    22 |       |       ||    22
       Steam dragon scal |       |       |       |    14 |       |       ||    14
       Plate armour      |       |       |       |       |    58 |   550 ||   608
Dodge: Dodged            |    28 |    17 |   162 |   548 |  1185 |   551 ||  2491
Block: Buckler           |       |       |       |       |       |   124 ||   124

Levels and vault maps discovered:
D:1:      wander_arrival_lonely_grave, layout_loops_cross
D:2:      layout_basic, corexii_hall_statues_i
D:3:      layout_basic, fedhas_altar_4,
          chequers_temple_overflow_statue_of_worship,
          hellmonk_ecumenical_altar_leap_of_faith, uniq_natasha
D:4:      layout_basic
D:5:      layout_gridville, minmay_temple_entry_gardened_gates, uniq_duvessa
D:6:      layout_rooms
D:7:      layout_rooms, nicolae_overflow_squiral, uniq_pikel
D:8:      cheibrodos_statue_roulette, layout_loops_cross,
          chequers_ossuary_entry_cave, serial_shops, shop
D:9:      layout_basic, lair_entry_dummy, minmay_orc_entry_temple_small,
          ebering_ghost_reflecting_pool, grunt_decor_arrowhead
D:10:     layout_basic, good_gods_temple_1, overflow_temple_1_default
D:11:     layout_small_grid, corner_web_ring
D:12:     layout_basic, gammafunk_ghost_smash, uniq_nessos, uniq_nergalle
D:13:     cheibrodos_orc_bank, layout_basic, skrybe_vaults_entry_preservation,
          uniq_lodul
D:14:     layout_roguey [special_room_orc], pdpol_wu_jian_five_deadly_venoms,
          nicolae_stop_n_shop_1, laboratory, uniq_josephine
D:15:     gammafunk_enter_depths_forms, layout_cave_pools, zin_scriptorium
Temple:   nicolae_temple_no_exploring_needed
Lair:1:   layout_big_grid, hangedman_tree_tricks
Lair:2:   layout_regular_city, elwin_shoals_entry_rocks,
          nicolae_volcano_entry_batcave
Lair:3:   layout_regular_city, spider_nest_entry_a
Lair:4:   layout_long_grid
Lair:5:   layout_loops_ring, slime_dummy, nzn_masters_of_martial_movement
Lair:6:   evil_forest, layout_regular_city, basic_altar, grunt_megastairs_2,
          lemuel_fruit_fields
Shoals:1: layout_shoals, serial_shops, shop, portal_ice_cave_entry_pillars_1,
          nicolae_shoals_shepherds
Orc:1:    layout_caves, uniq_gastronok
Orc:2:    st_orc_congregation, layout_caves

Notes
Turn   | Place    | Note
-------+----------+-------------------------------------------
     0 | D:1      | mcwallace the Formicid Hunter began the quest for the Orb.
     0 | D:1      | Reached XP level 1. HP: 16/16 MP: 1/1
     0 | D:1      | magus.rc [v1.9.6]
    76 | D:1      | Reached XP level 2. HP: 23/23 MP: 2/2
   105 | D:1      | Reached skill level 2 in Dodging
   427 | D:1      | Reached skill level 2 in Stealth
   427 | D:1      | Reached XP level 3. HP: 28/28 MP: 3/3
   920 | D:2      | Reached XP level 4. HP: 12/34 MP: 4/4
  1615 | D:2      | You pick up a book of Party Tricks and begin reading...
  1615 | D:2      | You add the spells Apportation and Alistair's Intoxication
                  | to your library.
  2068 | D:3      | Reached skill level 3 in Fighting
  2187 | D:3      | You pick up a book of Iron and begin reading...
  2187 | D:3      | You add the spells Animate Armour, Blade Hands and Iron
                  | Shot to your library.
  2225 | D:3      | Reached skill level 3 in Stealth
  2225 | D:3      | Reached XP level 5. HP: 41/41 MP: 5/5
  2280 | D:3      | Noticed Natasha
  2287 | D:3      | Killed Natasha
  2386 | D:3      | You pick up a book of Dangerous Friends and begin
                  | reading...
  2386 | D:3      | You add the spells Summon Guardian Golem, Orb of
                  | Destruction and Spellforged Servitor to your library.
  2460 | D:3      | HP: 9/41 [orc priest/divine providence (13)]
  2711 | D:3      | Reached skill level 3 in Dodging
  2734 | D:3      | Reached XP level 6. HP: 47/47 MP: 6/6
  2773 | D:3      | Found a faded altar of an unknown god.
  2945 | D:3      | Noticed Natasha
  2954 | D:3      | Killed Natasha
  2955 | D:3      | Reached skill level 5 in Crossbows
  2955 | D:3      | Reached skill level 1 in Armour
  2955 | D:3      | Reached skill level 4 in Stealth
  2967 | D:3      | Noticed Natasha
  2970 | D:3      | Killed Natasha
  2971 | D:3      | Reached skill level 1 in Spellcasting
  3137 | D:3      | Found a blossoming altar of Fedhas.
  3342 | D:3      | Found a broken altar of Ashenzari.
  3342 | D:3      | Found a sparkling altar of Nemelex Xobeh.
  3342 | D:3      | Found an ancient bone altar of Kikubaaqudgha.
  3537 | D:4      | Identified the +7 falchion "Duahadirch" {drain, Dex+2}
  3663 | D:4      | Reached skill level 4 in Fighting
  3819 | D:4      | Reached XP level 7. HP: 51/54 MP: 8/8
  3911 | D:5      | Entered Level 5 of the Dungeon
  4028 | D:5      | You pick up a book of the Moon and begin reading...
  4028 | D:5      | You add the spells Passage of Golubria, Silence and
                  | Lehudib's Crystal Spear to your library.
  4074 | D:5      | Noticed Dowan
  4076 | D:5      | Noticed Duvessa
  4081 | D:5      | Killed Duvessa
  4082 | D:5      | Reached skill level 2 in Armour
  4087 | D:5      | Killed Dowan
  4088 | D:5      | Reached skill level 2 in Spellcasting
  4290 | D:5      | Found a staircase to the Ecumenical Temple.
  4300 | D:5      | You are sucked into a shaft and drop 3 floors!
  4362 | D:8      | Found a sand-covered staircase.
  4373 | Ossuary  | Entered an ossuary
  4392 | Ossuary  | Reached XP level 8. HP: 61/61 MP: 11/11
  4399 | Ossuary  | HP: 14/61 [wyvern zombie (3)]
  4404 | Ossuary  | HP: 9/61 [bullfrog zombie (4)]
  4432 | Ossuary  | HP: 10/61 [mummy (13)]
  4438 | Ossuary  | Reached skill level 4 in Dodging
  4520 | Ossuary  | Reached skill level 3 in Armour
  4534 | Ossuary  | HP: 15/61 [centaur zombie (2)]
  4538 | Ossuary  | Reached skill level 5 in Fighting
  4832 | Ossuary  | Reached skill level 3 in Spellcasting
  4962 | Ossuary  | Reached skill level 6 in Crossbows
  5464 | Ossuary  | Reached XP level 9. HP: 68/68 MP: 14/14
  5654 | D:7      | Reached skill level 4 in Armour
  5840 | Temple   | Entered the Ecumenical Temple
  5847 | Temple   | Became a worshipper of Warmaster Okawaru
  6208 | D:6      | Reached skill level 4 in Spellcasting
  6396 | D:6      | Reached skill level 6 in Fighting
  6396 | D:6      | Reached skill level 1 in Evocations
  6401 | D:6      | Reached skill level 5 in Dodging
  6412 | D:6      | Reached * piety under Okawaru
  6892 | D:7      | Reached skill level 2 in Evocations
  6913 | D:7      | Reached skill level 5 in Armour
  6999 | D:7      | Noticed Pikel
  7145 | D:7      | Killed Pikel
  7145 | D:7      | Reached ** piety under Okawaru
  7146 | D:7      | Reached skill level 7 in Crossbows
  7146 | D:7      | Reached XP level 10. HP: 72/77 MP: 13/17
  7205 | D:7      | Reached skill level 5 in Spellcasting
  7229 | D:7      | Reached skill level 3 in Evocations
  7291 | D:7      | Found a stormy altar of Qazlal.
  7294 | D:7      | Found a hazy altar of Hepliaklqana.
  7769 | D:7      | Reached skill level 7 in Fighting
  7804 | D:8      | Identified the +6 war axe "Dedd" {flame, rElec rPois rF+++
                  | Str-4}
  8224 | D:8      | Reached skill level 6 in Armour
  8614 | D:8      | Found Ufoicw's Magic Scroll Emporium.
  8675 | D:8      | Noticed a gargoyle
  8681 | D:8      | Killed a gargoyle
  8682 | D:8      | Reached skill level 6 in Dodging
  8682 | D:8      | Reached skill level 4 in Evocations
  8800 | D:8      | Noticed a gargoyle
  8802 | D:8      | Killed a gargoyle
  8849 | D:8      | Noticed a gargoyle
  8859 | D:8      | Killed a gargoyle
  8859 | D:8      | Reached *** piety under Okawaru
  9031 | D:8      | Noticed a gargoyle
  9035 | D:8      | Killed a gargoyle
  9036 | D:8      | Reached skill level 6 in Spellcasting
  9166 | D:8      | Noticed a gargoyle
  9170 | D:8      | Killed a gargoyle
  9213 | D:8      | Bought a scroll of identify for 32 gold pieces
  9213 | D:8      | Bought a scroll of identify for 32 gold pieces
  9213 | D:8      | Bought a scroll of identify for 32 gold pieces
  9213 | D:8      | Bought a scroll of identify for 32 gold pieces
  9213 | D:8      | Bought a scroll of identify for 32 gold pieces
  9216 | D:8      | Identified a scroll of acquirement
  9219 | D:8      | Acquired the ring "Epilufr Emno" {Wiz rCorr Dex-3 Slay+2}
  9308 | D:9      | Found a staircase to the Lair.
  9335 | D:9      | Reached XP level 11. HP: 85/85 MP: 20/20
  9343 | D:9      | Reached skill level 8 in Crossbows
  9667 | D:9      | Found a staircase to the Orcish Mines.
  9690 | D:9      | Reached **** piety under Okawaru
  9880 | D:9      | HP: 16/86 [orc warrior/+0 halberd (8)]
 10141 | D:9      | Reached skill level 5 in Evocations
 10296 | D:9      | Found a runed translucent door.
 10318 | D:9      | Reached skill level 8 in Fighting
 10374 | D:9      | Reached skill level 7 in Armour
 10549 | D:9      | Noticed lessens's ghost (journeyman MiEn)
 10603 | Lair:1   | Entered Level 1 of the Lair of Beasts
 10616 | D:9      | HP: 18/86 [komodo dragon (22)]
 10947 | Lair:1   | Found a blossoming altar of Fedhas.
 10950 | Lair:1   | Noticed an oklob plant
 11009 | Lair:1   | You pick up a book of Weapons and begin reading...
 11009 | Lair:1   | You add the spells Portal Projectile and Excruciating
                  | Wounds to your library.
 11024 | Lair:1   | HP: 19/87 [poisoned by a cane toad]
 11029 | Lair:1   | HP: 12/87 [poisoned by a cane toad]
 11568 | Lair:1   | Reached skill level 7 in Dodging
 11574 | Lair:1   | Reached skill level 7 in Spellcasting
 11792 | Lair:1   | Noticed a seven-headed hydra
 11806 | Lair:1   | Killed a one-headed hydra
 11806 | Lair:1   | Reached ***** piety under Okawaru
 11807 | Lair:1   | Reached skill level 1 in Invocations
 11935 | Lair:1   | You pick up a book of Flames and begin reading...
 11935 | Lair:1   | You add the spells Foxfire, Conjure Flame, Inner Flame and
                  | Flame Wave to your library.
 12037 | Lair:1   | Received a gift from Okawaru
 12243 | Lair:2   | Noticed a death yak
 12243 | Lair:2   | Noticed a death yak
 12243 | Lair:2   | Noticed a death yak
 12243 | Lair:2   | Noticed a death yak
 12245 | Lair:2   | Noticed a death yak
 12264 | Lair:2   | Killed a death yak
 12265 | Lair:2   | Reached skill level 9 in Fighting
 12265 | Lair:2   | Reached skill level 9 in Crossbows
 12265 | Lair:2   | Reached skill level 2 in Invocations
 12281 | Lair:2   | HP: 17/89 [death yak (10)]
 12287 | Lair:2   | HP: 21/89 [death yak (7)]
 12334 | Lair:1   | Reached skill level 8 in Armour
 12334 | Lair:1   | Reached XP level 12. HP: 27/95 MP: 8/23
 12620 | Lair:1   | Killed a death yak
 12770 | Lair:2   | Killed a death yak
 12771 | Lair:2   | Reached skill level 3 in Invocations
 12777 | Lair:2   | HP: 19/95 [death yak (10)]
 13094 | Lair:2   | HP: 17/95 [death yak (13)]
 13116 | Lair:2   | Killed a death yak
 13116 | Lair:2   | Received a gift from Okawaru
 13402 | Lair:2   | Killed a death yak
 13402 | Lair:2   | Received a gift from Okawaru
 13716 | Lair:2   | Received a gift from Okawaru
 13747 | Lair:2   | A - a +0 eveningstar of protection {macerare=g}
 13799 | Lair:2   | Reached skill level 4 in Invocations
 13859 | Lair:2   | Found a staircase to the Shoals.
 14403 | Lair:2   | Reached skill level 8 in Spellcasting
 15504 | Lair:3   | Found a hole to the Spider Nest.
 15524 | Lair:3   | Reached skill level 8 in Dodging
 15573 | Lair:3   | Noticed a four-headed hydra
 15719 | Lair:3   | Killed a one-headed hydra
 15720 | Lair:3   | Reached skill level 9 in Armour
 15816 | Lair:3   | Identified a potion of experience
 15821 | Lair:3   | Reached skill level 13 in Fighting
 15821 | Lair:3   | Reached XP level 13. HP: 111/111 MP: 25/25
 15957 | Lair:3   | Reached skill level 5 in Invocations
 15968 | Lair:3   | Received a gift from Okawaru
 16110 | Lair:3   | Noticed a four-headed hydra
 16122 | Lair:3   | Killed a one-headed hydra
 16633 | Lair:4   | You pick up a book of Lightning and begin reading...
 16633 | Lair:4   | You add the spells Static Discharge, Lightning Bolt and
                  | Maxwell's Capacitive Coupling to your library.
 16957 | Lair:4   | You pick up a book of Vapours and begin reading...
 16957 | Lair:4   | You add the spells Poisonous Vapours and Corpse Rot to your
                  | library.
 17323 | Lair:4   | You pick up a book of Geomancy and begin reading...
 17323 | Lair:4   | You add the spells Sandblast, Passwall and Stone Arrow to
                  | your library.
 17360 | Lair:4   | Reached XP level 14. HP: 105/118 MP: 23/26
 17495 | Lair:4   | Received a gift from Okawaru
 17496 | Lair:4   | Reached skill level 10 in Crossbows
 18071 | Lair:5   | Reached skill level 6 in Invocations
 18333 | Lair:5   | HP: 24/118 [death yak (9)]
 18719 | Lair:5   | HP: 28/118 [death yak (9)]
 18721 | Lair:5   | HP: 12/118 [death yak (9)]
 19101 | Lair:5   | Reached skill level 9 in Spellcasting
 19414 | Lair:5   | Found a staircase to the Slime Pits.
 19454 | Lair:5   | You pick up a book of Death and begin reading...
 19544 | Lair:5   | Found an ornate altar of the Wu Jian Council.
 19545 | Lair:5   | Found a hide-covered altar of Uskayaw.
 19570 | Lair:5   | HP: 23/119 [boulder beetle (17)]
 19914 | Lair:5   | Received a gift from Okawaru
 20050 | Lair:5   | You pick up a book of Lightning and begin reading...
 20246 | Lair:6   | Entered Level 6 of the Lair of Beasts
 20534 | Lair:6   | Found a bloodstained altar of Trog.
 20934 | Lair:5   | Reached skill level 7 in Invocations
 21202 | Lair:5   | Reached skill level 9 in Dodging
 21907 | Lair:6   | Reached skill level 14 in Fighting
 22370 | Lair:6   | Received a gift from Okawaru
 22658 | Lair:5   | HP: 30/120 [death yak (2)]
 22667 | Lair:5   | HP: 27/120 [death yak (7)]
 22675 | Lair:5   | HP: 20/120 [death yak (8)]
 22681 | Lair:5   | HP: 12/120 [death yak (2)]
 22682 | Lair:5   | Received a gift from Okawaru
 23084 | Lair:6   | Reached skill level 11 in Crossbows
 23355 | Lair:6   | Reached skill level 8 in Invocations
 23536 | Lair:6   | Received a gift from Okawaru
 23549 | Lair:6   | You pick up a book of Burglary and begin reading...
 23844 | Lair:6   | Reached XP level 15. HP: 50/126 MP: 14/28
 24253 | Lair:6   | Reached skill level 10 in Spellcasting
 24262 | Lair:6   | Found a burning altar of Makhleb.
 24325 | Lair:6   | HP: 31/127 [sun demon (2)]
 24330 | Lair:6   | HP: 31/127 [sun demon (2)]
 24337 | Lair:5   | HP: 27/127 [sun demon (4)]
 24375 | Lair:5   | HP: 23/127 [sun demon (11)]
 24385 | Arena    | Entered the Arena
 24389 | Arena    | HP: 30/127 [sun demon (3)]
 24390 | Arena    | HP: 12/127 [sun demon (18)]
 24391 | Arena    | HP: 5/127 [sun demon (3)]
 24418 | Lair:5   | HP: 13/127 [death yak (8)]
 24979 | Lair:6   | HP: 30/127 [death yak (10)]
 24993 | Lair:6   | Received a gift from Okawaru
 25489 | Lair:5   | HP: 31/127 [poisoned by a cane toad]
 25494 | Lair:5   | HP: 26/127 [poisoned by a cane toad]
 26987 | Lair:6   | Found a gateway to Hell.
 27213 | D:9      | Killed lessens's ghost
 27440 | D:10     | Entered Level 10 of the Dungeon
 27514 | D:10     | Found a sacrificial altar of Ru.
 27749 | D:10     | Found a glowing golden altar of the Shining One.
 27751 | D:10     | Found a glowing silver altar of Zin.
 27754 | D:10     | Found a white marble altar of Elyvilon.
 27860 | D:10     | You pick up a book of Maledictions and begin reading...
 27860 | D:10     | You add the spells Anguish and Enfeeble to your library.
 27869 | D:10     | You pick up a book of Necromancy and begin reading...
 27869 | D:10     | You add the spells Pain and Vampiric Draining to your
                  | library.
 27872 | D:10     | Learned a level 1 spell: Foxfire
 28003 | D:10     | Received a gift from Okawaru
 28004 | D:10     | Reached skill level 9 in Invocations
 28948 | D:11     | Reached skill level 10 in Dodging
 29290 | D:12     | Noticed Nergalle
 29297 | D:12     | Killed Nergalle
 29818 | D:12     | Found a transporter.
 29819 | D:12     | Noticed Efal Ser's ghost (journeyman TeCj)
 29820 | D:12     | Found a transporter.
 29823 | D:12     | Identified the +1 giant club of War {chaos, rC++ Stlth-}
 29855 | D:12     | Noticed Nessos
 29862 | D:12     | Killed Nessos
 30814 | Orc:1    | Entered Level 1 of the Orcish Mines
 31389 | Orc:2    | Entered Level 2 of the Orcish Mines
 31393 | Orc:2    | Reached skill level 15 in Fighting
 31862 | Orc:2    | Found a staircase to the Elven Halls.
 31884 | Orc:2    | Identified the +10 plate armour "Ziymun" {rN+ Str+2}
                  | (Okawaru gifted it to you on level 2 of the Orcish Mines)
 31884 | Orc:2    | Received a gift from Okawaru
 32106 | Orc:2    | Reached skill level 12 in Crossbows
 32204 | Orc:2    | Reached skill level 10 in Invocations
 32218 | Orc:2    | Reached skill level 11 in Spellcasting
 32583 | Orc:2    | Reached XP level 16. HP: 120/136 MP: 31/31
 32734 | Orc:2    | Found Agoerob's General Store.
 32735 | Orc:2    | Found Dihithof's Book Shop.
 32738 | Orc:2    | Found Qiodghuyt's Antique Armour Boutique.
 32738 | Orc:2    | Found Setrulost's Antique Weapon Boutique.
 33173 | D:13     | Reached skill level 1 in Earth Magic
 33744 | D:13     | You pick up a book of the Wilderness and begin reading...
 33952 | D:13     | Reached skill level 2 in Earth Magic
 34106 | D:13     | Found a gate to the Vaults.
 34136 | D:13     | Reached skill level 10 in Armour
 34136 | D:13     | Reached skill level 11 in Dodging
 34158 | D:13     | Reached skill level 3 in Earth Magic
 34525 | D:13     | Noticed Lodul
 34529 | D:13     | Identified the +1 ring mail "Junup" {Rampage} (Okawaru
                  | gifted it to you on level 13 of the Dungeon)
 34529 | D:13     | Received a gift from Okawaru
 34538 | D:13     | Killed Lodul
 34547 | D:13     | Reached skill level 4 in Earth Magic
 34744 | D:14     | Found Lasu's Antique Weapon Shop.
 34764 | D:14     | Noticed Josephine
 34775 | D:14     | Killed Josephine
 35169 | D:14     | Reached skill level 13 in Crossbows
 35231 | D:14     | Reached skill level 5 in Earth Magic
 35237 | D:14     | HP: 31/136 [poisoned by a green ugly thing]
 35242 | D:14     | HP: 27/136 [poisoned by a green ugly thing]
 35513 | D:14     | Reached skill level 1 in Shields
 35814 | D:14     | Reached skill level 11 in Armour
 35891 | D:14     | Identified the +0 pair of boots "Naso" {rPois Regen+
                  | Stlth+}
 35913 | D:14     | Reached skill level 2 in Shields
 35923 | D:14     | You pick up a book of Rime and begin reading...
 35923 | D:14     | You add the spells Frozen Ramparts and Ice Form to your
                  | library.
 36044 | D:14     | Received a gift from Okawaru
 36045 | D:14     | Reached XP level 17. HP: 111/142 MP: 32/32
 36050 | D:14     | Reached skill level 3 in Shields
 36087 | D:14     | You pick up a book of Debilitation and begin reading...
 36087 | D:14     | You add the spells Slow and Confusing Touch to your
                  | library.
 36266 | D:14     | Found an ornate altar of the Wu Jian Council.
 36306 | D:15     | Entered Level 15 of the Dungeon
 36435 | D:14     | Identified the +4 pair of boots "Etibegoh" {Int+6 Slay+2}
                  | (Okawaru gifted it to you on level 14 of the Dungeon)
 36435 | D:14     | Received a gift from Okawaru
 36585 | D:14     | Reached skill level 4 in Shields
 36622 | D:15     | Reached skill level 12 in Dodging
 36795 | D:15     | Found a staircase to the Depths.
 37196 | D:15     | Found a glowing silver altar of Zin.
 37672 | Shoals:1 | Entered Level 1 of the Shoals
 37706 | Shoals:1 | Reached skill level 5 in Shields
 37709 | Shoals:1 | HP: 32/142 [merfolk/+2 halberd of protection (11)]
 37713 | Shoals:1 | HP: 9/142 [merfolk/+2 halberd of protection (12)]
 37715 | Shoals:1 | Slain by a merfolk

Vanquished Creatures
  An orc warlord (Orc:2)
  An ironbound preserver (D:13)
  Nessos (D:12)
  A very ugly thing (D:14)
  A merfolk impaler (Shoals:1)
  Josephine (D:14)
  A great orb of eyes (D:15)
  4 boulder beetles
  The ghost of lessens the Severer, a journeyman MiEn of Okawaru (D:9)
  13 hydras
  8 two-headed ogres
  6 centaur warriors
  18 death yaks
  A death knight (D:14)
  4 orc high priests (Orc:2)
  A tengu warrior (D:14)
  Nergalle (D:12)
  A sun demon (Arena)
  5 skeletal warriors (D:14)
  Lodul (D:13)
  3 wizards
  6 orc knights
  2 deep elf pyromancers
  3 fauns (Shoals:1)
  Pikel (D:7)
  5 orc sorcerers
  23 ugly things
  3 manticores
  7 cyclopes
  6 elephants (Lair:4)
  A smoke demon (Lair:6)
  7 black mambas
  2 orange demons (Lair:6)
  12 cane toads
  5 large abominations (D:14)
  6 gargoyles
  2 torpor snails (Lair:6)
  2 unseen horrors
  A komodo dragon (shapeshifter) (D:15)
  2 freezing wraiths (D:14)
  An efreet (D:14)
  6 komodo dragons
  A yaktaur (shapeshifter) (D:15)
  A rime drake (Lair:2)
  A tengu conjurer (D:14)
  An ice devil (Lair:5)
  A wind drake (Shoals:1)
  3 polar bears
  2 red devils (Lair:6)
  10 trolls
  9 slime creatures
  13 blink frogs
  A shadow (D:9)
  4 wyverns
  6 wraiths
  24 yaks
  A vampire (D:12)
  3 fire bats (Lair:2)
  4 basilisks
  A steam dragon (D:9)
  2 redbacks (Lair:3)
  5 vampire mosquitoes (D:13)
  2 wargs (D:9)
  3 acid dragons
  Duvessa (D:5)
  4 hell hounds (Lair:6)
  9 water moccasins
  7 small abominations (D:14)
  An ice beast (D:7)
  39 orc warriors
  2 sky beasts
  3 black bears
  6 ogres
  12 wolves
  21 centaurs
  3 lemures (D:7)
  A kobold brigand (D:9)
  12 bullfrogs
  2 gnoll sergeants
  A scorpion (D:7)
  A wyvern zombie (Ossuary)
  A water moccasin zombie (Ossuary)
  Dowan (D:5)
  5 killer bees (D:8)
  5 wights
  An electric eel (D:7)
  2 howler monkeys (D:9)
  3 bullfrog zombies (Ossuary)
  4 centaur zombies (Ossuary)
  A hound (D:7)
  22 orc priests
  3 jellies
  A gnoll shaman (D:7)
  25 orc wizards
  Natasha (thrice) (D:3)
  3 iguanas
  5 hell rats (Lair:6)
  3 killer bee zombies (Ossuary)
  19 mummies (Ossuary)
  A howler monkey zombie (Ossuary)
  24 gnolls
  6 adders
  2 white imps
  An ufetubus (D:6)
  A worm (D:4)
  2 dart slugs
  89 orcs
  5 ball pythons
  6 endoplasms
  4 giant cockroaches
  9 hobgoblins
  8 jackals (D:1)
  2 quokkas
  5 bats
  4 frilled lizards (D:1)
  7 goblins
  14 kobolds
  5 rats
702 creatures vanquished.

Vanquished Creatures (others)
  A vampire (D:12)
  44 fungi
  44 plants
  8 withered plants (Ossuary)
97 creatures vanquished.

Grand Total: 799 creatures vanquished

Table legend:
 A = Non-vault XP
 B = Vault XP
 C = Vault XP percentage of total XP
 D = Non-vault monster count
 E = Vault monster count
 F = Vault count percentage of total count
                 A         B        C        D         E       F
            +---------+---------+-------+---------+---------+-------
      Total |  100571 |   55269 |  35.5 |     462 |     238 |  34.0
            +---------+---------+-------+---------+---------+-------
        D:1 |      56 |       0 |   0.0 |      34 |       0 |   0.0
        D:2 |      33 |       0 |   0.0 |      12 |       0 |   0.0
        D:3 |     337 |      35 |   9.4 |      18 |       1 |   5.3
        D:4 |      89 |       0 |   0.0 |      11 |       0 |   0.0
        D:5 |     229 |     218 |  48.8 |       9 |       2 |  18.2
        D:6 |     659 |       0 |   0.0 |      17 |       0 |   0.0
        D:7 |    1535 |     559 |  26.7 |      33 |       1 |   2.9
        D:8 |     900 |    2066 |  69.7 |      16 |       5 |  23.8
        D:9 |    3404 |    1135 |  25.0 |      32 |      10 |  23.8
       D:10 |    1065 |       0 |   0.0 |       6 |       0 |   0.0
       D:11 |    2799 |       0 |   0.0 |      11 |       0 |   0.0
       D:12 |    5793 |    1847 |  24.2 |      26 |       2 |   7.1
       D:13 |    5166 |   12516 |  70.8 |      15 |      33 |  68.8
       D:14 |   23848 |    8428 |  26.1 |      49 |      45 |  47.9
       D:15 |    5456 |    3057 |  35.9 |      20 |       6 |  23.1
     Lair:1 |    5833 |       0 |   0.0 |      26 |       0 |   0.0
     Lair:2 |    7304 |     582 |   7.4 |      21 |       3 |  12.5
     Lair:3 |    3077 |     354 |  10.3 |       8 |       2 |  20.0
     Lair:4 |    5248 |       0 |   0.0 |      14 |       0 |   0.0
     Lair:5 |   12708 |    3285 |  20.5 |      27 |       9 |  25.0
     Lair:6 |    9254 |    8377 |  47.5 |      26 |      22 |  45.8
   Shoals:1 |    2878 |       0 |   0.0 |       5 |       0 |   0.0
      Orc:1 |     656 |       0 |   0.0 |      12 |       0 |   0.0
      Orc:2 |    2244 |   11045 |  83.1 |      14 |      64 |  82.1
    Ossuary |       0 |    1000 | 100.0 |       0 |      32 | 100.0
      Arena |       0 |     765 | 100.0 |       0 |       1 | 100.0
            +---------+---------+-------+---------+---------+-------

Illustrated notes

Table legend:
 A = Kills in this place as a percentage of kills in entire the game.
 B = Kills by you in this place as a percentage of kills by you in the entire game.
 C = Kills by friends in this place as a percentage of kills by friends in the entire game.
 D = Other kills in this place as a percentage of other kills in the entire game.
 E = Experience gained in this place as a percentage of experience gained in the entire game.
 F = Experience gained in this place divided by the number of levels of this place that you have seen.
                   A       B       C       D       E      F
               +-------+-------+-------+-------+-------+----------------------
         Total | 100.0 | 100.0 |   N/A | 100.0 | 100.0 | 5771.9
       Dungeon |  59.1 |  59.1 |   N/A | 100.0 |  52.1 | 5415.3
          Lair |  22.6 |  22.6 |   N/A |   0.0 |  35.9 | 9337.0
        Shoals |   0.7 |   0.7 |   N/A |   0.0 |   1.8 | 2878.0
  Orcish Mines |  12.9 |  12.9 |   N/A |   0.0 |   8.9 | 6972.5
       Ossuary |   4.6 |   4.6 |   N/A |   0.0 |   0.6 | 1000.0
         Arena |   0.1 |   0.1 |   N/A |   0.0 |   0.5 | 765.0
               +-------+-------+-------+-------+-------+----------------------

Table legend: (Time is in decaauts)
 A = Elapsed time spent in this place.
 B = Non-inter-level travel time spent in this place.
 C = Inter-level travel time spent in this place.
 D = Time resting spent in this place.
 E = Time spent auto-exploring this place.
 F = Levels seen in this place.
 G = Mean time per level.
                   A        B        C        D        E       F      G
               +--------+--------+--------+--------+--------+-----+--------+
         Total |  39124 |  37588 |   1536 |  11295 |  15989 |  27 | 1449.0 |
       Dungeon |  19128 |  17948 |   1180 |   3618 |   9832 |  15 | 1275.2 |
        Temple |     14 |      2 |     12 |      0 |      0 |   1 |   14.0 |
          Lair |  16689 |  16384 |    305 |   7110 |   5652 |   6 | 2781.5 |
        Shoals |     51 |     51 |      0 |      0 |      0 |   1 |   51.0 |
  Orcish Mines |   1932 |   1894 |     38 |    559 |    438 |   2 |  966.0 |
       Ossuary |   1274 |   1274 |      0 |      8 |     67 |   1 | 1274.0 |
         Arena |     34 |     34 |      0 |      0 |      0 |   1 |   34.0 |
               +--------+--------+--------+--------+--------+-----+--------+

Top non-repeatable levels by time:
  Lair:5: 4917 daAuts
  Lair:6: 3304 daAuts
  Lair:1: 2602 daAuts
  Lair:4: 2516 daAuts
    D:14: 2236 daAuts
     D:9: 2217 daAuts
  Lair:2: 2171 daAuts
    D:13: 1854 daAuts
     D:8: 1812 daAuts
    D:12: 1596 daAuts
     D:2: 1516 daAuts
   Orc:2: 1474 daAuts
 Ossuary: 1274 daAuts
     D:3: 1259 daAuts
  Lair:3: 1176 daAuts
